 Dungeon Crawl Stone Soup version 0.18-a0-1577-gf591c28 (webtiles) character file.

181043 wvc the Fencer (level 17, -8/170 HPs)
             Began as a Demonspawn Chaos Knight on Mar 20, 2016.
             Engulfed by a cloud of flame (25 damage)
             ... on level 4 of the Spider Nest on Mar 21, 2016.
             The game lasted 01:16:15 (31258 turns).

wvc the Fencer (Demonspawn Chaos Knight)           Turns: 31258, Time: 01:16:17

Health: -8/170     AC:  6    Str: 22 (24) XL:     17   Next: 66%
Magic:  18/18      EV: 36    Int: 20      God:    Xom [.....*]
Gold:   1772       SH:  3    Dex: 25 (27) Spells: 3 memorised, 11 levels left

rFire  . . .     SeeInvis +     G - +8 great sword of Ancient Evil {freeze, Dex+4}
rCold  + + .     Gourm    .     l - +0 leather armour of Coakkup {rCorr Str+4 Dex+3 SInv}
rNeg   . . .     Faith    .     (shield currently unavailable)
rPois  +         Spirit   .     (helmet unavailable)
rElec  .         Dismiss  .     I - +0 cloak
rCorr  +         Reflect  +     Y - +1 pair of gloves of Fun and Games {Str+5 Int+4}
SustAt .         Harm     .     (boots unavailable)
MR     +....                    P - +3 amulet of reflection
Stlth  +.........               C - +5 ring of evasion
                                m - ring of the Locust {rPois EV+5 Str-3 Dex+4}

@: lethally poisoned (-8 -> -12), radiating poison, slowed, repel missiles, very
slow, somewhat resistant to hostile enchantments, very unstealthy
A: claws 1, hooves 3, horns 3, agile 1, clever 1, cold resistance 2, deformed
body, deterioration 2, foul stench 1, robust 2, spiny 2, rot immunity
a: Renounce Religion


You were on level 4 of the Spider Nest.
You worshipped Xom.
You were Xom's teddy bear.
You were not hungry.

You visited 4 branches of the dungeon, and saw 24 of its levels.
You also visited: Sewer and Ice Cave.

You collected 2882 gold pieces.
You spent 1110 gold pieces at shops.

Inventory:

Hand Weapons
 a - a +0 spear of freezing
 p - a +3 dagger of electrocution
 G - the +8 great sword of Ancient Evil (weapon) {freeze, Dex+4}
   (You found it on level 6 of the Dungeon)

   It has been specially enchanted to freeze those struck by it, causing extra
   injury to most foes and up to half again as much damage against particularly
   susceptible opponents.
   It can also slow down cold-blooded creatures.
   It affects your dexterity (+4).
Armour
 l - the +0 leather armour of Coakkup (worn) {rCorr Str+4 Dex+3 SInv}
   (You found it on level 4 of the Dungeon)

   It affects your strength (+4).
   It affects your dexterity (+3).
   It lets you see invisible.
   It protects you from acid and corrosion.
 I - a +0 cloak (worn)
 Y - the +1 pair of gloves of Fun and Games (worn) {Str+5 Int+4}
   (You found it in an ice cave)

   It affects your strength (+5).
   It affects your intelligence (+4).
Rods
 Q - a +4 rod of clouds (14/14)
   (Xom gifted it to you on level 7 of the Lair of Beasts)
 Z - a +6 rod of shadows (14/14)
   (You found it in an ice cave)
Jewellery
 d - an uncursed ring of protection from magic
 m - the ring of the Locust (left hand) {rPois EV+5 Str-3 Dex+4}
   (You found it on level 3 of the Lair of Beasts)

   [ring of evasion]

   It affects your evasion (+5).
   It affects your strength (-3).
   It affects your dexterity (+4).
   It protects you from poison.
 C - a +5 ring of evasion (right hand)
 L - an uncursed ring of sustain attributes
 P - a +3 amulet of reflection (around neck)
 R - an uncursed ring of wizardry
Wands
 j - a wand of iceblast (7/15)
 k - a wand of iceblast (5/15)
 s - a wand of digging (0/24)
 u - a wand of lightning (10/15)
 M - a wand of enslavement (9/24)
 N - a wand of confusion (26/48)
 O - a wand of acid (4/15)
 V - a wand of teleportation (2/9)
 X - a wand of iceblast (9/15)
Scrolls
 b - 11 scrolls of remove curse
 g - a scroll of amnesia
 q - a scroll of blinking
 t - 2 scrolls of noise
 w - 5 scrolls of fog
 x - 2 scrolls of magic mapping
 y - 4 scrolls of enchant armour
 J - a scroll of brand weapon
 K - 3 scrolls of recharging
 T - 4 scrolls of enchant weapon
Potions
 e - a potion of might
 f - 6 potions of agility
 h - 5 potions of brilliance
 n - 7 potions of curing
 r - 2 potions of haste
 v - 2 potions of lignification
 z - a potion of berserk rage
 A - 2 potions of cancellation
 E - a potion of flight
Miscellaneous
 i - a fan of gales (inert)
 o - a phial of floods
 D - a lantern of shadows
 H - a phantom mirror
 W - a lamp of fire (inert)
Comestibles
 c - 9 bread rations
 S - a meat ration


   Skills:
 + Level 15.0 Fighting
 - Level 9.6(14.5) Short Blades
 - Level 17.3(18.1) Long Blades
 - Level 4.1 Polearms
 + Level 7.0 Armour
 + Level 13.0 Dodging
 + Level 0.5 Charms
 + Level 0.6 Air Magic
 + Level 2.2 Evocations


You had 11 spell levels left.
You knew the following spells:

 Your Spells              Type           Power        Failure   Level  Hunger
a - Apportation           Tloc           #.........   21%         1    ##.....
b - Repel Missiles        Chrm/Air       #.....       28%         2    ###....
c - Swiftness             Chrm/Air       #.......     28%         2    ###....


Dungeon Overview and Level Annotations

Branches:
Dungeon (10/15)            Temple (0/1) D:6            Lair (8/8) D:8
  Swamp (0/4) Lair:6       Spider (4/4) Lair:6        Slime (0/6) Lair:7
    Orc (2/2) D:10            Elf (0/3) Orc:2

Altars:
Ashenzari
Dithmenos
Elyvilon
Makhleb
Nemelex Xobeh
Ru
Sif Muna
Trog
Beogh

Shops:
D:7 =?(*   D:9 }   Orc:2 ?}}(

Annotations:
D:5 Prince Ribbit


Innate Abilities, Weirdness & Mutations

You have sharp fingernails.
You have hooves in place of feet.
You have a pair of large horns on your head.
You may emit foul miasma when damaged in melee.
You are mostly covered in sharp spines.
You are immune to rotting.
You are agile. (Dex +2)
Your mind is acute. (Int +2)
Your flesh is very cold resistant.
Armour fits poorly on your strangely shaped body.
Your body often deteriorates upon taking damage.
You are very robust (+20% HP).


Message History

You slice the demonic crawler!! You freeze the demonic crawler.
The demonic crawler explodes!
The fiery explosion engulfs you!
* * * LOW HITPOINT WARNING * * *
The fiery explosion engulfs the spectral hornet.
The spectral hornet is heavily damaged.
The fiery explosion engulfs the spectral wolf spider.
The spectral wolf spider is almost destroyed.
The fiery explosion engulfs the spectral tarantella.
The spectral tarantella is heavily damaged.
The fiery explosion engulfs the death scarab.
The death scarab explodes!
The fiery explosion engulfs the spectral wolf spider.
You destroy the spectral wolf spider!
The fiery explosion engulfs the spectral hornet.
You destroy the spectral hornet!
Your Dodging skill increases to level 13!
You are engulfed in roaring flames.
You die...
Xom chuckles heartily!

#..≈≈≈..#...≈≈≈≈≈≈≈≈...#....≈
#..≈≈≈≈......#≈≈≈≈≈^......#.≈
#.#≈≈≈≈...#........#≈.......≈
#...≈≈.....................≈≈
#....#.....................≈≈
#≈....###################.#≈≈
#≈≈...#.#%.§§§%§.#....[.#.≈≈≈
#≈≈≈..#...§§§§§.....5.#.#.≈≈.
#≈#≈..#.B§§§@§§§....5†5.#≈≈..
#≈≈≈..#...###Z§'''###.5.##≈..
#≈≈...##..# B......#5..#≈≈..
#≈.#..#...# .......#§..#≈≈≈#
#≈....#...# .......#§..#≈≈≈.
#.....#...# .[.....##§.#≈≈≈.
#.....#..## .......#†.§#.≈≈≈
#..#.≈#...# .......#.§§##.≈≈
#....≈#...# #...#..≈≈


You could see a spectral tarantella and 2 death scarabs.

Vanquished Creatures
  Arachne (Spider:3)
  An Ice Fiend (IceCv)
  Gastronok (Lair:2)
  A storm dragon (Lair:7)
  An orc warlord (Orc:2)
  3 emperor scorpions
  2 ghost moths (Spider:4)
  3 spark wasps (Spider:4)
  A fire dragon (shapeshifter) (Spider:3)
  An ice dragon (Lair:4)
  2 entropy weavers (Spider:3)
  12 hydras
  12 death yaks
  3 orc high priests (Orc:2)
  6 death scarabs (Spider:4)
  A spectral emperor scorpion (Spider:4)
  Pikel (D:4)
  A harpy (Lair:6)
  3 spectral wolf spiders (Spider:4)
  4 orc knights (Orc:2)
  4 hill giants (D:10)
  An anubis guard (Spider:4)
  14 orb spiders
  5 orc sorcerers (Orc:2)
  19 wolf spiders
  A wolf spider zombie (Spider:4)
  3 griffons
  A cyclops (Orc:1)
  4 moths of wrath
  6 hornets (Spider:4)
  36 elephants
  6 black mambas
  13 spiny frogs
  An ice statue (IceCv)
  Psyche (D:9)
  A torpor snail (Spider:2)
  4 rime drakes
  7 demonic crawlers
  3 spectral redbacks (Spider:4)
  2 anaconda simulacra (IceCv)
  9 komodo dragons
  5 ice devils (IceCv)
  2 golden dragon simulacra (IceCv)
  2 redback zombies (Spider:4)
  4 freezing wraiths (IceCv)
  4 polar bears
  27 jumping spiders
  A two-headed ogre (D:9)
  A spectral tarantella (Spider:4)
  3 spectral hornets (Spider:4)
  2 spectral jumping spiders (Spider:4)
  2 tarantella zombies (Spider:4)
  16 blink frogs
  71 redbacks
  36 tarantellas
  A ynoxinul (Lair:8)
  3 wyverns
  35 yaks
  3 fire bats (Lair:8)
  3 dire elephant simulacra (IceCv)
  6 basilisks
  8 hippogriffs
  A hungry ghost (D:9)
  A warg (Orc:1)
  Edmund (D:4)
  4 harpy simulacra (IceCv)
  A hydra simulacrum (IceCv)
  26 porcupines
  16 water moccasins
  20 orc warriors
  10 ice beasts
  4 slaves (D:4)
  An ettin simulacrum (IceCv)
  2 wasps (Spider:4)
  An eye of draining (D:8)
  3 sky beasts
  The ghost of Uhlv the Skirmisher, an amateur CeFi (D:3)
  10 ogres
  3 phantoms
  9 wolves (Lair:3)
  3 centaurs
  18 crocodiles
  3 big kobolds
  25 giant frogs
  4 scorpions
  A swamp dragon simulacrum (IceCv)
  An elephant simulacrum (IceCv)
  6 killer bees (D:9)
  8 wights
  4 howler monkeys (D:10)
  6 crimson imps
  2 draconian simulacra (IceCv)
  3 hounds
  17 orc priests
  2 giant frog skeletons
  6 jellies
  24 orc wizards
  A gnoll shaman (D:9)
  Jessica (D:3)
  11 iguanas
  8 worker ants
  A polar bear simulacrum (IceCv)
  10 sheep
  A spriggan simulacrum (IceCv)
  A troll simulacrum (IceCv)
  A wolf simulacrum (IceCv)
  3 centaur simulacra (IceCv)
  3 hound skeletons
  Robin (D:3)
  7 gnolls
  8 adders
  4 naga simulacra (IceCv)
  47 river rats
  8 white imps
  3 ufetubi (IceCv)
  2 oozes (D:1)
  An adder zombie (D:6)
  6 worms
  3 dart slugs
  7 giant geckos
  73 orcs
  13 giant cockroaches
  13 goblins
  20 hobgoblins
  10 jackals
  32 kobolds
  4 quokkas
  2 ball pythons
  3 bats
  A giant gecko skeleton (D:4)
  8 giant newts
  A quokka skeleton (D:5)
  A quokka zombie (D:6)
  6 rats
1008 creatures vanquished.

Vanquished Creatures (collateral kills)
  Nergalle (Lair:3)
  A demonic crawler (Spider:4)
  A jumping spider (Spider:4)
  A blink frog (Lair:1)
  4 yaks
  A tarantella (Spider:1)
  A giant frog (D:7)
  A river rat (Lair:5)
  2 jackals (D:7)
  3 kobolds (D:6)
16 creatures vanquished.

Vanquished Creatures (others)
  A redback (Spider:4)
  A yak (Lair:6)
  A porcupine (D:8)
  An orc wizard (Orc:2)
  A white imp (IceCv)
  An ufetubus (IceCv)
  2 bushes (D:8)
  16 fungi
  14 plants
38 creatures vanquished.

Grand Total: 1062 creatures vanquished

Notes
Turn   | Place    | Note
--------------------------------------------------------------
     0 | D:1      | wvc the Demonspawn Chaos Knight began the quest for the Orb.
     0 | D:1      | Reached XP level 1. HP: 18/18 MP: 1/1
   107 | D:1      | Gained mutation: You have large cloven feet. [demonic ancestry]
   107 | D:1      | Reached XP level 2. HP: 22/24 MP: 2/2
   253 | D:1      | Reached XP level 3. HP: 29/29 MP: 3/3
   500 | D:1      | XOM: harmless Divn miscast
   772 | D:2      | Reached skill level 1 in Short Blades
   778 | D:2      | XOM: divination: detect creatures
  1262 | D:2      | Gained mutation: You have a pair of small horns on your head. [demonic ancestry]
  1262 | D:2      | Reached XP level 4. HP: 31/35 MP: 4/4
  1518 | D:3      | Noticed Uhlv's ghost (amateur CeFi)
  1767 | D:3      | Gained mutation: Your flesh is heat resistant. [potion of mutation]
  1767 | D:3      | Gained mutation: Your spells are a little harder to cast, but a little more powerful. [potion of mutation]
  1767 | D:3      | Gained mutation: Your body sometimes deteriorates upon taking damage. [potion of mutation]
  1768 | D:3      | Gained mutation: Your body often deteriorates upon taking damage. [potion of mutation]
  1769 | D:3      | Gained mutation: You have a pair of horns on your head. [potion of beneficial mutation]
  1874 | D:3      | Noticed Robin
  1883 | D:3      | XOM: cast spell 'Olgreb's Toxic Radiance'
  1889 | D:3      | XOM: god gift: lumpy puce potion
  2134 | D:3      | Gained mutation: You are immune to rotting. [demonic ancestry]
  2134 | D:3      | Reached XP level 5. HP: 37/41 MP: 5/5
  2221 | D:3      | Killed Robin
  2463 | D:3      | Noticed Jessica
  2651 | D:3      | XOM: god gift: 28 gold pieces
  2816 | D:3      | Gained mutation: Your mind is acute. (Int +2) [potion of beneficial mutation]
  2844 | D:3      | HP: 1/41 [Uhlv's ghost (6)]
  2844 | D:3      | XOM: smoke on damage
  2845 | D:3      | Killed Uhlv's ghost
  3184 | D:3      | Gained mutation: You have a pair of large horns on your head. [demonic ancestry]
  3184 | D:3      | Reached XP level 6. HP: 43/47 MP: 6/6
  3277 | D:3      | XOM: summons 3 friendly demons
  3286 | D:3      | Killed Jessica
  3648 | D:4      | Found a white marble altar of Elyvilon.
  3764 | D:4      | Found a glowing drain.
  3768 | Sewer    | Entered a sewer
  4058 | Sewer    | Reached skill level 5 in Short Blades
  4150 | Sewer    | XOM: potion effect (berserk rage)
  4152 | Sewer    | XOM: harmless Chrm miscast
  4183 | Sewer    | XOM: mild Air miscast
  4271 | D:4      | Noticed Edmund
  4279 | D:4      | Killed Edmund
  4279 | D:4      | Gained mutation: You have sharp fingernails. [demonic ancestry]
  4279 | D:4      | Reached XP level 7. HP: 52/52 MP: 7/7
  4285 | D:4      | XOM: colour smoke trail
  4305 | D:4      | Found a shadowy altar of Dithmenos.
  4343 | D:4      | XOM: confusion (+ monsters)
  4344 | D:4      | Got a faintly humming leather armour
  4389 | D:4      | Identified the cursed +0 leather armour of Coakkup {rCorr Str+4 Dex+3 SInv} (You found it on level 4 of the Dungeon)
  4408 | D:4      | XOM: harmless Tloc miscast
  4437 | D:4      | XOM: colour smoke trail
  4491 | D:4      | Noticed Pikel
  4491 | D:4      | XOM: 3-stop teleportation journey
  4501 | D:4      | XOM: mild Fire miscast
  4548 | D:4      | Killed Pikel
  4548 | D:4      | Reached XP level 8. HP: 16/58 MP: 8/8
  4628 | D:4      | XOM: mild Summ miscast
  5039 | D:4      | XOM: colour smoke trail
  5180 | D:4      | XOM: colour smoke trail
  5207 | D:5      | Entered Level 5 of the Dungeon
  5376 | D:5      | Got a smelly scale mail
  5398 | D:5      | Identified the +0 scale mail of Qogovon {Regen+} (You found it on level 5 of the Dungeon)
  5511 | D:5      | Noticed Prince Ribbit
  5537 | D:5      | XOM: give mutations
  5537 | D:5      | Lost mutation: Your spells are a little harder to cast, but a little more powerful. [Xom's mischief]
  5537 | D:5      | Gained mutation: You are weak. (Str -2) [Xom's mischief]
  5537 | D:5      | Lost mutation: Your mind is acute. (Int +2) [Xom's mischief]
  5537 | D:5      | Lost mutation: You are weak. (Str -2) [Xom's mischief]
  5597 | D:5      | XOM: medium Necr miscast
  5872 | D:5      | Found a sparkling altar of Nemelex Xobeh.
  5898 | D:5      | XOM: harmless Tloc miscast
  5979 | D:5      | XOM: colour smoke trail
  6187 | D:5      | XOM: silly message
  6274 | D:5      | XOM: give mutations
  6274 | D:5      | Gained mutation: You tend to lose your temper in combat. [Xom's mischief]
  6274 | D:5      | Gained mutation: You are weak. (Str -2) [Xom's mischief]
  6274 | D:5      | Gained mutation: You occasionally shout uncontrollably at your foes. [Xom's mischief]
  6274 | D:5      | Lost mutation: You are weak. (Str -2) [Xom's mischief]
  6430 | D:5      | XOM: summons 5 hostile shadow creatures
  6520 | D:6      | XOM: mild Chrm miscast
  6521 | D:6      | Lost mutation: You occasionally shout uncontrollably at your foes. [potion of cure mutation]
  6521 | D:6      | Lost mutation: You have a pair of large horns on your head. [potion of cure mutation]
  6521 | D:6      | Lost mutation: You tend to lose your temper in combat. [potion of cure mutation]
  6521 | D:6      | Lost mutation: Your flesh is heat resistant. [potion of cure mutation]
  6740 | D:6      | Found a sparkling altar of Nemelex Xobeh.
  6786 | D:6      | Found a deep blue altar of Sif Muna.
  6828 | D:6      | Found a bloodstained altar of Trog.
  6881 | D:6      | XOM: 2-stop teleportation journey
  7005 | D:6      | XOM: god gift: chain mail {god gift}
  7061 | D:6      | Found a staircase to the Ecumenical Temple.
  7109 | D:6      | XOM: enchant monster (good)
  7111 | D:6      | XOM: fake destruction
  7113 | D:6      | XOM: fog
  7117 | D:6      | XOM: enchant monster (good)
  7134 | D:6      | XOM: god gift: lantern of shadows
  7160 | D:6      | Got a scorched great sword
  7170 | D:6      | Identified the +8 great sword of Ancient Evil {freeze, Dex+4} (You found it on level 6 of the Dungeon)
  7400 | D:6      | Reached skill level 1 in Long Blades
  7400 | D:6      | Reached skill level 1 in Dodging
  7500 | D:7      | Reached XP level 9. HP: 64/64 MP: 9/9
  7560 | D:7      | XOM: medium Conj miscast
  7622 | D:7      | XOM: summons friendly white imp
  7623 | D:7      | XOM: fog
  7663 | D:7      | Found Plog's Weapon Boutique.
  7682 | D:7      | Reached skill level 2 in Long Blades
  7885 | D:7      | Found Gotaf Fog's Jewellery Shoppe.
  7889 | D:7      | Bought a +3 amulet of reflection for 300 gold pieces
  7957 | D:7      | Reached skill level 3 in Long Blades
  8087 | D:7      | Found Qanax's Magic Scroll Shoppe.
  8090 | D:7      | Bought a scroll of identify for 24 gold pieces
  8090 | D:7      | Bought a scroll of identify for 24 gold pieces
  8090 | D:7      | Bought a scroll of teleportation for 36 gold pieces
  8153 | D:7      | Found Lar Ass's Assorted Antiques.
  8413 | D:8      | Found a sacrificial altar of Ru.
  8454 | D:8      | Reached skill level 4 in Long Blades
  8569 | D:8      | Identified a scroll of acquirement
  8570 | D:8      | Got a brightly glowing hat
  8571 | D:8      | Found a shattered altar of Ashenzari.
  8580 | D:8      | Identified the -5 hat of the Orcish Mines {Dex+4 Slay+3 Stlth+} (You acquired it on level 8 of the Dungeon)
  8593 | D:8      | XOM: mild Conj miscast
  8606 | D:8      | HP: 3/65 [crocodile (8)]
  8620 | D:8      | XOM: divination: detect creatures
  8631 | D:8      | XOM: confuse monster(s)
  8635 | D:8      | XOM: potion effect (agility)
  8638 | D:8      | Reached skill level 5 in Long Blades
  8646 | D:8      | XOM: enchant monster (good)
  8996 | D:8      | Found a staircase to the Lair.
  9043 | D:8      | Reached skill level 6 in Long Blades
  9157 | D:8      | XOM is BORED!
  9157 | D:8      | XOM: mild Divn miscast
  9171 | D:8      | Gained mutation: You may emit foul miasma when damaged in melee. [demonic ancestry]
  9171 | D:8      | Reached XP level 10. HP: 69/73 MP: 10/10
  9230 | D:8      | Reached skill level 5 in Fighting
  9624 | D:8      | XOM: divination: detect creatures
  9674 | D:9      | XOM: silly message
  9736 | D:9      | Found a burning altar of Makhleb.
  9742 | D:9      | Noticed Psyche
  9834 | D:9      | XOM: colour smoke trail
  9985 | D:9      | Reached skill level 7 in Long Blades
  9989 | D:9      | XOM: 2-stop teleportation journey
 10068 | D:9      | Gained mutation: You are robust (+10% HP). [mutagenic meat]
 10112 | D:9      | Found Gulos's Gadget Shoppe.
 10241 | D:9      | XOM: divination: magic mapping
 10256 | D:9      | XOM: divination: detect creatures
 10258 | D:9      | XOM: enchant monster (good)
 10271 | D:8      | XOM: silly message
 10395 | D:8      | XOM: scenery: 1 doors open
 10558 | Lair:1   | Entered Level 1 of the Lair of Beasts
 10573 | Lair:1   | XOM: summons friendly quasit
 10583 | Lair:1   | XOM: confuse monster(s)
 10730 | Lair:1   | XOM: god gift: scroll of fog
 10793 | Lair:1   | Noticed a spiny frog
 10794 | Lair:1   | XOM: confuse monster(s)
 10796 | Lair:1   | XOM: potion effect (haste)
 10816 | Lair:1   | Killed a spiny frog
 10816 | Lair:1   | Reached skill level 8 in Long Blades
 10871 | Lair:1   | XOM: snakes to sticks
 10880 | Lair:1   | XOM: polymorph black bear -> water moccasin
 10974 | Lair:1   | Gained mutation: You evolve. [potion of beneficial mutation]
 11147 | Lair:1   | XOM: cast spell 'Spider Form'
 11195 | Lair:2   | Gained mutation: You have hoof-like feet. [evolution]
 11199 | Lair:2   | XOM: divine lightning
 11455 | Lair:1   | XOM: god gift: potion of degeneration
 11461 | Lair:2   | Noticed a spiny frog
 11463 | Lair:2   | Noticed a spiny frog
 11470 | Lair:2   | Killed a spiny frog
 11474 | Lair:2   | Killed a spiny frog
 11481 | Lair:2   | Noticed a five-headed hydra
 11502 | Lair:1   | Noticed a death yak
 11750 | D:9      | Reached skill level 9 in Long Blades
 11750 | D:9      | Gained mutation: You are partially covered in sharp spines. [demonic ancestry]
 11750 | D:9      | Reached XP level 11. HP: 91/91 MP: 11/11
 11785 | D:9      | XOM: enchant monster (good)
 11833 | D:9      | XOM: god gift: scale mail {god gift}
 11843 | D:9      | Killed Psyche
 12039 | D:9      | Reached skill level 5 in Dodging
 12088 | D:10     | Entered Level 10 of the Dungeon
 12116 | D:10     | XOM: 5-stop teleportation journey
 12223 | D:10     | Noticed a hill giant
 12228 | D:10     | Killed a hill giant
 12423 | D:10     | Noticed a hill giant
 12431 | D:10     | Killed a hill giant
 12506 | D:10     | XOM: harmless Necr miscast
 12540 | D:10     | Noticed a hill giant
 12544 | D:10     | Killed a hill giant
 12546 | D:10     | Found a staircase to the Orcish Mines.
 12615 | D:10     | Noticed a hill giant
 12620 | D:10     | Killed a hill giant
 12620 | D:10     | Reached skill level 10 in Long Blades
 12741 | D:10     | XOM: mild Air miscast
 12775 | D:10     | XOM: colour smoke trail
 12894 | Lair:2   | XOM: severe Conj miscast
 12951 | Lair:2   | Noticed Gastronok
 12963 | Lair:2   | Killed Gastronok
 12963 | Lair:2   | Reached skill level 11 in Long Blades
 13132 | Lair:2   | XOM: harmless Erth miscast
 13295 | Lair:2   | Gained mutation: You have supernaturally acute eyesight. [potion of beneficial mutation]
 13296 | Lair:2   | Gained mutation: You are very robust (+20% HP). [potion of beneficial mutation]
 13298 | Lair:2   | Noticed a seven-headed hydra
 13339 | Lair:2   | Gained mutation: You have hooves in place of feet. [demonic ancestry]
 13339 | Lair:2   | Reached XP level 12. HP: 89/110 MP: 12/12
 13374 | Lair:1   | XOM: mild Divn miscast
 13405 | Lair:2   | XOM: mild Tloc miscast
 13406 | Lair:2   | Killed a five-headed hydra
 13407 | Lair:2   | XOM: mild Ice miscast
 13562 | Lair:2   | Killed a seven-headed hydra
 13898 | Lair:3   | Reached skill level 12 in Long Blades
 13952 | Lair:3   | Reached skill level 1 in Evocations
 14099 | Lair:3   | Noticed a six-headed hydra
 14117 | Lair:3   | Killed a six-headed hydra
 14163 | Lair:3   | XOM: divination: detect creatures
 14176 | Lair:3   | Got a clouded bone ring
 14177 | Lair:3   | Identified the ring of the Locust {rPois EV+5 Str-3 Dex+4} (You found it on level 3 of the Lair of Beasts)
 14436 | Lair:3   | Noticed Nergalle
 14445 | Lair:3   | Killed Nergalle
 14502 | Lair:3   | XOM: give mutation
 14502 | Lair:3   | Gained mutation: Your spells are a little harder to cast, but a little more powerful. [Xom's grace]
 14706 | Lair:3   | XOM: potion effect (curing)
 14948 | Lair:4   | XOM: enchant monster (good)
 14952 | Lair:4   | Reached skill level 13 in Long Blades
 14958 | Lair:4   | XOM: silly message
 14974 | Lair:4   | XOM: cast spell 'Spider Form'
 14985 | Lair:4   | XOM: potion effect (might)
 15165 | Lair:4   | XOM: divination: magic mapping
 15304 | Lair:4   | Noticed an ice dragon
 15321 | Lair:4   | XOM: potion effect (berserk rage)
 15324 | Lair:4   | Killed an ice dragon
 15324 | Lair:4   | Gained mutation: You have a pair of large horns on your head. [demonic ancestry]
 15324 | Lair:4   | Reached XP level 13. HP: 118/122 MP: 13/13
 15324 | Lair:4   | XOM: smoke on damage
 15410 | Lair:4   | XOM: god gift: fan of gales
 15524 | Lair:4   | XOM: stat loss: -1 Dex (24/25)
 15536 | Lair:4   | XOM: vitrification
 15542 | Lair:4   | Gained mutation: Your mind is acute. (Int +2) [evolution]
 15732 | Lair:4   | XOM: give mutation
 15732 | Lair:4   | Gained mutation: Your flesh is heat resistant. [Xom's grace]
 15994 | Lair:5   | XOM: summons friendly ufetubus
 15997 | Lair:5   | XOM: divination: detect items
 16114 | Lair:5   | Learned a level 1 spell: Apportation
 16152 | Lair:5   | Reached skill level 10 in Fighting
 16152 | Lair:5   | Reached skill level 14 in Long Blades
 16184 | Lair:5   | XOM: god gift: ichor-stained quarterstaff {god gift}
 16188 | Lair:5   | Got an ichor-stained quarterstaff {god gift}
 16202 | Lair:5   | Identified the +9 quarterstaff of the Butterfly {chaos, *Noise rElec Str-5 Dex+8} (Xom gifted it to you on level 5 of the Lair of Beasts)
 16212 | Lair:5   | XOM: divination: magic mapping
 16218 | Lair:5   | XOM: divination: detect items
 16303 | Lair:5   | XOM: destruction
 16578 | Lair:5   | XOM: cast spell 'Discord'
 16583 | Lair:5   | XOM: fog
 16587 | Lair:5   | XOM: potion effect (curing)
 16593 | Lair:5   | XOM: summons friendly ufetubus
 16596 | Lair:5   | XOM: summons 1 friendly demon
 16916 | Lair:6   | XOM: god gift: glowing glaive {god gift}
 16957 | Lair:6   | XOM: swap monsters
 16976 | Lair:6   | Found a hole to the Spider Nest.
 16982 | Lair:6   | XOM: summons friendly iron imp
 16986 | Lair:6   | XOM: polymorph yak -> harpy
 16992 | Lair:6   | XOM: summons 8 friendly demons
 17024 | Lair:6   | Reached skill level 15 in Long Blades
 17116 | Lair:6   | XOM: god gift: beef jerky
 17134 | Lair:6   | Found a staircase to the Swamp.
 17134 | Lair:6   | XOM: 5-stop teleportation journey
 17303 | Lair:6   | XOM: god gift: 400 gold pieces
 17393 | Lair:6   | XOM: god gift: phantom mirror
 17520 | Lair:7   | XOM: noise
 17520 | Lair:7   | XOM: fake destruction
 17567 | Lair:7   | XOM: swap monsters
 17852 | Lair:7   | XOM: god gift: 35 gold pieces
 17990 | Lair:7   | XOM: potion effect (haste)
 17991 | Lair:7   | XOM: silly message
 17992 | Lair:7   | XOM: cast spell 'Necromutation'
 17993 | Lair:7   | XOM: summons friendly ufetubus
 17994 | Lair:7   | XOM: summons friendly crimson imp
 17995 | Lair:7   | Noticed a storm dragon
 17995 | Lair:7   | a death yak changed into a storm dragon
 17995 | Lair:7   | XOM: polymorph death yak -> storm dragon
 18000 | Lair:7   | XOM: divination: detect creatures
 18011 | Lair:7   | Reached XP level 14. HP: 104/133 MP: 15/15
 18015 | Lair:7   | XOM: enchant monster (bad)
 18018 | Lair:7   | XOM: summons 3 friendly demons
 18031 | Lair:7   | Killed a storm dragon
 18201 | Lair:7   | XOM: harmless Air miscast
 18229 | Lair:7   | XOM: severe Necr miscast
 18291 | Lair:7   | XOM: god gift: knobbly glowing rod {god gift}
 18295 | Lair:7   | Identified a +4 rod of clouds (14/14) (Xom gifted it to you on level 7 of the Lair of Beasts)
 18395 | Lair:7   | XOM: cast spell 'Olgreb's Toxic Radiance'
 18397 | Lair:7   | XOM: enchant monster (good)
 18410 | Lair:7   | XOM: harmless Conj miscast
 18413 | Lair:7   | Found a staircase to the Slime Pits.
 18423 | Lair:7   | XOM: silly message
 18451 | Lair:7   | XOM: mild Pois miscast
 18494 | Lair:7   | XOM: mild Divn miscast
 18514 | Lair:7   | Reached skill level 16 in Long Blades
 18533 | Lair:7   | Found a sparkling altar of Nemelex Xobeh.
 18815 | Lair:8   | Entered Level 8 of the Lair of Beasts
 18839 | Lair:8   | XOM: blink monster(s)
 18843 | Lair:8   | XOM: divination: magic mapping
 18848 | Lair:8   | XOM: cast spell 'Spider Form'
 19199 | Lair:8   | XOM: harmless Conj miscast
 19615 | Lair:8   | XOM: potion effect (haste)
 19723 | Lair:8   | XOM: colour smoke trail
 19779 | Lair:8   | XOM: harmless Conj miscast
 19838 | Lair:8   | XOM: medium Erth miscast
 19847 | Lair:8   | XOM: confuse monster(s)
 20081 | Lair:8   | XOM: mild Divn miscast
 20411 | Lair:8   | XOM: swap monsters
 20428 | Lair:8   | XOM: snakes to sticks
 20429 | Lair:8   | XOM: enchant monster (good)
 20435 | Lair:8   | XOM: summons 2 friendly demons
 20730 | Lair:8   | XOM: confusion
 20731 | Lair:8   | Reached skill level 17 in Long Blades
 20853 | Lair:5   | Gained mutation: You possess an exceptional clarity of mind. [evolution]
 21006 | Orc:1    | Entered Level 1 of the Orcish Mines
 21035 | Orc:1    | XOM: confuse monster(s)
 21215 | Orc:1    | XOM: mild Hex miscast
 21243 | Orc:2    | Entered Level 2 of the Orcish Mines
 21262 | Orc:2    | Found Caqipnos's Antique Weapon Shoppe.
 21274 | Orc:2    | Mutation became permanent: You have hooves in place of feet. [demonic ancestry]
 21274 | Orc:2    | Reached XP level 15. HP: 86/144 MP: 16/16
 21569 | Orc:2    | XOM: potion effect (experience)
 21569 | Orc:2    | Reached skill level 5 in Armour
 21569 | Orc:2    | Reached XP level 16. HP: 126/152 MP: 17/17
 21611 | Orc:2    | XOM: silly message
 21871 | Orc:2    | Found Ryciatua's Magic Scroll Shoppe.
 21871 | Orc:2    | Found Meafikh's Gadget Shop.
 21871 | Orc:2    | XOM: swap monsters
 21876 | Orc:2    | Found Qeuruxzome's Gadget Shop.
 22115 | Orc:2    | Found a staircase to the Elven Halls.
 22374 | Orc:2    | XOM: 2-stop teleportation journey
 22435 | Orc:2    | XOM: noise
 22612 | Orc:2    | Found a roughly hewn altar of Beogh.
 22835 | Orc:2    | Bought a scroll of teleportation for 42 gold pieces
 22835 | Orc:2    | Bought a scroll of immolation for 49 gold pieces
 22985 | D:7      | Bought a scroll of recharging for 114 gold pieces
 22985 | D:7      | Bought a scroll of enchant armour for 90 gold pieces
 23014 | D:7      | Bought a scroll of enchant armour for 202 gold pieces
 23014 | D:7      | Bought a pair of boots for 121 gold pieces
 23014 | D:7      | Bought a potion of agility for 108 gold pieces
 23104 | Lair:2   | XOM: colour smoke trail
 23165 | Spider:1 | Entered Level 1 of the Spider Nest
 23191 | Spider:1 | XOM: harmless Pois miscast
 23310 | Spider:1 | XOM: summons friendly white imp
 23510 | Spider:1 | XOM: mild Summ miscast
 23522 | Spider:1 | XOM: god gift: dyed leather armour {god gift}
 23529 | Spider:1 | XOM: divination: detect items
 23530 | Spider:1 | XOM: cast spell 'Dispersal'
 23619 | Spider:1 | XOM: 7-stop teleportation journey
 23962 | Spider:1 | XOM: divination: detect creatures
 24146 | Spider:1 | Lost mutation: You evolve. [potion of cure mutation]
 24146 | Spider:1 | Lost mutation: Your flesh is heat resistant. [potion of cure mutation]
 24146 | Spider:1 | Lost mutation: You have supernaturally acute eyesight. [potion of cure mutation]
 24146 | Spider:1 | Lost mutation: Your spells are a little harder to cast, but a little more powerful. [potion of cure mutation]
 24146 | Spider:1 | Lost mutation: You are very robust (+20% HP). [potion of cure mutation]
 24146 | Spider:1 | Lost mutation: You possess an exceptional clarity of mind. [potion of cure mutation]
 24158 | Spider:1 | XOM: mild Ice miscast
 24261 | Spider:1 | Reached skill level 10 in Dodging
 24391 | Spider:1 | XOM: mild Summ miscast
 24462 | Spider:1 | XOM: give mutations
 24462 | Spider:1 | Gained mutation: Your flesh is cold resistant. [Xom's grace]
 24462 | Spider:1 | Gained mutation: You are agile. (Dex +2) [Xom's grace]
 24462 | Spider:1 | Gained mutation: You are very robust (+20% HP). [Xom's grace]
 24462 | Spider:1 | Gained mutation: Your flesh is very cold resistant. [Xom's grace]
 24484 | Spider:1 | XOM: summons friendly iron imp
 24486 | Spider:1 | XOM: fog
 24518 | Spider:1 | XOM is BORED!
 24518 | Spider:1 | XOM: noise
 24620 | Spider:2 | Found a frozen archway.
 24653 | IceCv    | Entered an ice cave
 24664 | IceCv    | XOM: 1-stop teleportation journey
 24667 | IceCv    | XOM: blink monster(s)
 25359 | IceCv    | XOM: colour smoke trail
 25614 | IceCv    | Noticed an Ice Fiend
 25643 | IceCv    | XOM: cast spell 'Shadow Creatures'
 25645 | IceCv    | Killed an Ice Fiend
 25786 | IceCv    | Got a pair of faintly humming gloves
 25797 | IceCv    | Identified the +1 pair of gloves of Fun and Games {Str+5 Int+4} (You found it in an ice cave)
 25808 | IceCv    | Identified a +6 rod of shadows (14/14) (You found it in an ice cave)
 26064 | Spider:2 | XOM: harmless Erth miscast
 26104 | Spider:2 | XOM: harmless Necr miscast
 26419 | Spider:3 | XOM: divination: detect items
 26429 | Spider:3 | XOM: harmless Pois miscast
 26446 | Spider:3 | Noticed Arachne
 26457 | Spider:3 | XOM: potion effect (might)
 26458 | Spider:3 | XOM: potion effect (might)
 26464 | Spider:3 | XOM: smoke on damage
 26831 | Spider:3 | XOM: harmless Chrm miscast
 26834 | Spider:3 | XOM: divination: detect items
 26835 | Spider:3 | XOM: divination: magic mapping
 26837 | Spider:3 | XOM: cast spell 'Confusing Touch'
 26840 | Spider:3 | Killed Arachne
 26933 | Spider:3 | XOM: polymorph spark wasp -> fire dragon
 26948 | Spider:3 | Gained mutation: Armour fits poorly on your strangely shaped body. [mutagenic meat]
 27166 | Spider:3 | XOM: 4-stop teleportation journey
 27315 | Spider:3 | Identified the Tome of Gliding Aid
 27327 | Spider:3 | Learned a level 2 spell: Repel Missiles
 27330 | Spider:3 | Learned a level 2 spell: Swiftness
 27801 | Spider:3 | Gained mutation: You are mostly covered in sharp spines. [demonic ancestry]
 27801 | Spider:3 | Reached XP level 17. HP: 140/166 MP: 18/18
 27857 | Spider:3 | XOM: summons friendly iron imp
 28067 | Spider:4 | Entered Level 4 of the Spider Nest
 28618 | Spider:4 | XOM: vitrification
 28661 | Spider:4 | XOM: confuse monster(s)
 28793 | Spider:4 | XOM: summons friendly shadow imp
 28967 | Spider:4 | XOM: confuse monster(s)
 28971 | Spider:4 | XOM: confuse monster(s)
 29069 | Spider:4 | XOM: summons friendly iron imp
 29076 | Spider:4 | XOM: swap monsters
 29081 | Spider:4 | XOM: cast spell 'Summon Small Mammal'
 29082 | Spider:4 | XOM: cast spell 'Ice Form'
 29122 | Spider:4 | XOM: smoke on damage
 29203 | Spider:4 | XOM: enchant monster (bad)
 29365 | Spider:4 | XOM: vitrification
 29672 | Spider:4 | XOM: summons 2 friendly demons
 29716 | Spider:4 | XOM: destruction
 29722 | Spider:4 | XOM: smoke on damage
 29722 | Spider:4 | HP: 6/168 [emperor scorpion (3)]
 30042 | Spider:4 | XOM: confuse monster(s)
 30072 | Spider:4 | XOM: summons 3 friendly demons
 30205 | Spider:3 | XOM: vitrification
 30482 | Spider:3 | XOM: summons friendly ufetubus
 30491 | Spider:4 | XOM: god gift: 33 gold pieces
 30516 | Spider:4 | XOM: destruction
 30518 | Spider:4 | XOM: polymorph redback -> anubis guard
 30540 | Spider:4 | XOM: summons friendly rust devil
 30747 | Spider:4 | XOM: destruction
 30765 | Spider:4 | XOM: potion effect (agility)
 30773 | Spider:4 | XOM: summons 7 friendly demons
 31008 | Spider:4 | XOM: vitrification
 31053 | Spider:4 | XOM: god gift: brass wand {god gift}
 31210 | Spider:4 | XOM: god gift: 29 gold pieces
 31253 | Spider:4 | XOM: cast spell 'Olgreb's Toxic Radiance'
 31256 | Spider:4 | Reached skill level 15 in Fighting
 31258 | Spider:4 | Engulfed by a cloud of flame

Vault maps used:
D:1:      ncdulo_wetmaze
D:3:      serial_co_window_serial, co_window_paths_a,
          co_window_of_opportunity_a, co_window_paths_a, co_window_corner_a,
          co_window_paths_a, co_window_cross_4, co_window_corner_b,
          co_window_corner_b, co_window_broadway_a, co_window_cross_2,
          co_window_corner_b, co_window_paths_e, uniq_robin, uniq_jessica
D:4:      kennysheep_little_box, gup_sewer_entry_spiral, serial_glass,
          glass_columns_a, glass_columns_c, nicolae_dithmenos_shadow_blocks,
          uniq_pikel, uniq_edmund
D:5:      first_bread, nemelex_diamond_rough_becter, uniq_prince_ribbit1
D:6:      kennysheep_kobold_camp, nicolae_overflow_hidden_temple, led_sif_pool,
          minmay_temple_entry_poolview
D:7:      serial_shops, nicolae_shop_stone, kennysheep_mini,
          nicolae_shop_crystal, nicolae_shop_behind_doors
D:8:      ashenzari_conservatory_becter, minmay_lair_entry_grove,
          interstate_on_off, nicolae_ru_awakened_eye
D:9:      lemuel_round_altar, serial_shops, nicolae_shop_behind_doors,
          grunt_ogre_cave, uniq_psyche
D:10:     orc_0_dummy, kennysheep_cross_bottleneck
Lair:2:   uniq_gastronok
Lair:3:   uniq_nergalle
Lair:4:   bobbens_ice_dragon_lair
Lair:6:   swamp_mist, dummy_spider_entry, beast_lair_carwin_8,
          serial_bayou_shore_b
Lair:7:   slime_dummy, basic_altar
Lair:8:   hangedman_lair_in_review, nicolae_volcano_entry_batcave
Spider:2: portal_ice_cave_entry_ice_beasts, spider_trap,
          nicolae_spider_circle_web
Spider:3: guppyfry_spider_mini_1, uniq_arachne
Spider:4: floodkiller_spider_rune_tomb, nicolae_spider_stair_cavern
Orc:2:    st_orc_elflike, statue_in_the_mist_lemuel, david_defended_altar_orc
Sewer:    sewer_frog_island_01
IceCv:    ice_cave_caverns_03

Skill      XL: |  1  2  3  4  5  6  7  8  9 10 11 12 13 14 15 16 17 |
---------------+----------------------------------------------------+-----
Polearms       | 3 4 |  4.1
Short Blades   | 1 2 4 6 8 9 |  9.6
Armour         | 2 3 4 5 6 7 |  7.0
Long Blades    | 1 6 9 11 13 15 17 | 17.3
Dodging        | 1 3 4 6 8 11 13 | 13.0
Fighting       | 4 6 7 9 10 11 12 14 15 | 15.0
Evocations     | 1 2 |  2.2
Charms         | |  0.5
Air Magic      | |  0.6

Action                   |  1- 3 |  4- 6 |  7- 9 | 10-12 | 13-15 | 16-18 || total
-------------------------+-------+-------+-------+-------+-------+-------++-------
Melee: Spear             |    95 |       |       |       |       |       ||    95
       Dagger            |    44 |   205 |   165 |    21 |    43 |       ||   478
       Great sword       |       |       |   139 |   417 |   565 |   728 ||  1849
       Unarmed           |       |       |       |    33 |    12 |    26 ||    71
 Cast: Repel Missiles    |       |       |       |       |       |     1 ||     1
Evoke: Wand              |       |       |     1 |     5 |     3 |     6 ||    15
       Fan of gales      |       |       |       |       |       |     1 ||     1
       Lamp of fire      |       |       |       |       |       |     1 ||     1
  Use: Potion            |       |    10 |     5 |     5 |     1 |     5 ||    26
       Scroll            |       |    16 |     6 |     7 |    11 |    13 ||    53
 Stab: Confused          |     3 |       |       |     4 |     6 |     3 ||    16
       Sleeping          |       |       |    10 |     2 |       |       ||    12
       Distracted        |       |       |     1 |     1 |     5 |       ||     7
  Eat: Chunk             |     1 |     4 |     1 |     9 |       |     1 ||    16
       Fruit             |       |     3 |       |       |     3 |       ||     6
       Meat ration       |       |     1 |     2 |     1 |       |     5 ||     9
       Pizza             |       |       |     3 |       |       |     2 ||     5
       Beef jerky        |       |       |     1 |     6 |     2 |       ||     9
       Royal jelly       |       |       |       |       |     2 |       ||     2
       Bread ration      |       |       |       |       |     2 |     2 ||     4
